 Dungeon Sprint DCSS version 0.17-a0-1719-g1afd5a1 (webtiles) character file.

14387 Kidiri the Unseen (level 11, -2/47 HPs)
             Began as a Spriggan Enchanter on Aug 27, 2015.
             Was the Champion of Dithmenos.
             Slain by a black mamba (18 damage)
             ... in the Dungeon (Sprint III: "The Ten Rune Challenge").
             The game lasted 00:13:37 (2361 turns).

Kidiri the Unseen (Spriggan Enchanter)              Turns: 2361, Time: 00:13:37

Health: -2/47      AC:  3    Str:  4    XL:     11   Next: 88%
Magic:  28/31      EV: 34    Int: 18    God:    Dithmenos [******]
Gold:   20         SH:  0    Dex: 19    Spells: 10 memorised, 13 levels left

rFire  . . .     SeeInvis +     a - +1 dagger
rCold  . . .     Clarity  .     b - +1 robe
rNeg   . . .     SustAt   .     (shield restricted)
rPois  .         Gourm    .     (helmet restricted)
rElec  .         Spirit   .     (no cloak)
rCorr  .         Warding  .     (gloves unavailable)
rMut   .         NoTele   +     (boots unavailable)
MR     +....                    (no amulet)
Stlth  ++++++++++               (no ring)
                                (no ring)

@: exhausted, slowed, wreathed by umbra, quick, somewhat resistant to hostile
enchantments, uncannily stealthy
A: unfitting armour, see invisible, herbivore 3, speed 3, slow metabolism 2,
spit poison 1
a: Spit Poison, Shadow Step, Shadow Form, Renounce Religion


You were in the Dungeon.
You worshipped Dithmenos.
Dithmenos was exalted by your worship.
You were not hungry.

You visited 1 branch You collected 20 gold pieces.

Inventory:

Hand weapons
 a - a +1 dagger (weapon)
Missiles
 m - 10 throwing nets (quivered)
Armour
 b - a +1 robe (worn)
Scrolls
 j - a scroll of blinking
 o - a scroll of remove curse
Potions
 e - 2 potions of curing
 f - a potion of heal wounds
 g - 2 potions of haste
 h - 2 potions of magic
 i - a potion of berserk rage
 k - a potion of might
 q - a potion of flight
Books
 l - a book of Spatial Translocations

   Spells                             Type                      Level
   a - Apportation                    Translocation                1
   b - Blink                          Translocation                2
   c - Shroud of Golubria             Charms/Translocation         2
   d - Portal Projectile              Translocation                3
   e - Teleport Other                 Translocation                3
   f - Passage of Golubria            Translocation                4
Comestibles
 c - 21 royal jellies
 d - a bread ration
 n - 6 fruits


   Skills:
 + Level 10.1 Short Blades
 * Level 17.2 Dodging
 * Level 18.8 Stealth
 * Level 15.0 Spellcasting
 + Level 6.7 Conjurations
 + Level 11.4 Hexes
 + Level 11.0 Charms
 + Level 11.2 Translocations
 + Level 7.4 Ice Magic
 - Level 2.4 Invocations


You had 13 spell levels left.
You knew the following spells:

 Your Spells              Type           Power        Failure   Level  Hunger
a - Corona                Hex            ######.      1%          1    None
b - Ensorcelled Hibernat  Hex/Ice        #####.       1%          2    None
c - Confuse               Hex            ######..     1%          3    None
d - Tukima's Dance        Hex            ######..     1%          3    None
e - Dazzling Spray        Conj/Hex       #####...     1%          3    None
f - Invisibility          Hex            ######..     10%         6    #####..
g - Apportation           Tloc           ######....   1%          1    None
h - Blink                 Tloc           N/A          1%          2    None
i - Shroud of Golubria    Chrm/Tloc      ######....   1%          2    None
j - Passage of Golubria   Tloc           N/A          1%          4    None


Dungeon Overview and Level Annotations

Branches:
Dungeon (1/1)

Altars:
Cheibriados
Dithmenos
Elyvilon
Fedhas
Gozag
Kikubaaqudgha
Makhleb
Nemelex Xobeh
Okawaru
Qazlal
Ru
Sif Muna
Trog
Vehumet
Xom
Yredelemnul
Zin
The Shining One
Jiyva
Lugonu


Innate Abilities, Weirdness & Mutations

You are tiny and cannot use many weapons and most armour.
You have supernaturally acute eyesight.
You are a herbivore.
You cover ground extremely quickly.
You need consume almost no food.
You can spit weak poison.


Message History

The anaconda constricts you.
You escape the anaconda's grasp.
The black mamba completely misses you.
You see here an adder corpse.
You hit the anaconda.
The anaconda is lightly wounded.
The anaconda completely misses you. x2
The black mamba completely misses you.
Unknown command.
You puncture the anaconda!
The anaconda is moderately wounded.
Unknown command.
You hit the anaconda.
The anaconda is moderately wounded.
The black mamba completely misses you. The anaconda completely misses you.
The anaconda completely misses you.
Unknown command.
You are no longer berserk.
You are exhausted.
You feel yourself slow down. The black mamba bites you!!
You die...

♣%....##%%....#♣♣♣._)#
########'#############
#...........##
#.......%....#
###########..#
##...........#
#...........##
#..##########
#...†...@§§§#
##..†...§SS§§#
##########§.# ..# .##
##


You could see an anaconda and a black mamba.

Vanquished Creatures
  Maud (D)
  2 hydras (D)
  4 anacondas (D)
  Erolcha (D)
  A death drake (D)
  A spriggan druid (D)
  A lindwurm (D)
  2 spiny frogs (D)
  2 black mambas (D)
  A komodo dragon (D)
  A deep elf priest (D)
  A queen bee (D)
  3 wandering mushrooms (D)
  2 trapdoor spiders (D)
  2 spriggans (D)
  4 redbacks (D)
  A shadow (D)
  2 hill giants (D)
  A spatial vortex (D)
  3 water moccasins (D)
  A necrophage (D)
  2 brain worms (D)
  3 two-headed ogres (D)
  A water elemental (D)
  32 killer bees (D)
  An electric eel (D)
  A jelly (D)
  Jessica (D)
  A necromancer (D)
  A wizard (D)
  A kobold demonologist (D)
  3 humans (D)
  5 adders (D)
  An ooze (D)
  A phantom (D)
  2 rats (D)
93 creatures vanquished.

Vanquished Creatures (others)
  2 draconian scorchers (D)
  2 yaktaurs (D)
4 creatures vanquished.

Grand Total: 97 creatures vanquished

Notes
Turn   | Place    | Note
--------------------------------------------------------------
     0 | D        | Kidiri the Spriggan Enchanter began the quest for the Orb.
     0 | D        | Reached XP level 1. HP: 9/9 MP: 5/5
     9 | D        | Reached skill level 5 in Stealth
    23 | D        | Killed a yaktaur
    86 | D        | Noticed Jessica
    92 | D        | Killed Jessica
    92 | D        | Reached skill level 5 in Dodging
    92 | D        | Reached skill level 6 in Stealth
    92 | D        | Reached XP level 2. HP: 13/13 MP: 6/8
    92 | D        | Reached XP level 3. HP: 16/16 MP: 6/9
   118 | D        | Learned a level 2 spell: Ensorcelled Hibernation
   122 | D        | Learned a level 3 spell: Confuse
   126 | D        | Learned a level 3 spell: Tukima's Dance
   248 | D        | Gained mutation: You have a beak for a mouth. [potion of mutation]
   248 | D        | Gained mutation: Armour fits poorly on your strangely shaped body. [potion of mutation]
   248 | D        | Gained mutation: Your spells are a little harder to cast, but a little more powerful. [potion of mutation]
   249 | D        | Gained mutation: You occasionally shout uncontrollably at your foes. [potion of mutation]
   249 | D        | Gained mutation: You are dopey. (Int -2) [potion of mutation]
   249 | D        | Gained mutation: You can spit weak poison. [potion of mutation]
   250 | D        | Lost mutation: You are dopey. (Int -2) [potion of cure mutation]
   250 | D        | Lost mutation: Your spells are a little harder to cast, but a little more powerful. [potion of cure mutation]
   250 | D        | Lost mutation: Armour fits poorly on your strangely shaped body. [potion of cure mutation]
   250 | D        | Lost mutation: You have a beak for a mouth. [potion of cure mutation]
   250 | D        | Lost mutation: You occasionally shout uncontrollably at your foes. [potion of cure mutation]
   273 | D        | Noticed a water elemental
   275 | D        | Killed a water elemental
   275 | D        | Reached skill level 7 in Dodging
   275 | D        | Reached skill level 8 in Stealth
   275 | D        | Reached skill level 5 in Spellcasting
   275 | D        | Reached skill level 5 in Hexes
   275 | D        | Reached skill level 1 in Ice Magic
   275 | D        | Reached XP level 4. HP: 21/21 MP: 10/12
   282 | D        | Learned a level 3 spell: Dazzling Spray
   308 | D        | Noticed a jelly
   309 | D        | Noticed a shadow
   311 | D        | Killed a shadow
   311 | D        | Reached skill level 9 in Stealth
   311 | D        | Reached skill level 1 in Conjurations
   311 | D        | Reached XP level 5. HP: 24/24 MP: 12/15
   315 | D        | Killed a jelly
   315 | D        | Reached skill level 10 in Stealth
   315 | D        | Reached XP level 6. HP: 28/28 MP: 12/17
   347 | D        | Found a stormy altar of Qazlal.
   348 | D        | Found a sacrificial altar of Ru.
   348 | D        | Found a burning altar of Makhleb.
   348 | D        | Found a viscous altar of Jiyva.
   348 | D        | Found a shimmering altar of Xom.
   348 | D        | Found a shadowy altar of Dithmenos.
   348 | D        | Found a sparkling altar of Nemelex Xobeh.
   348 | D        | Found a corrupted altar of Lugonu.
   348 | D        | Found an opulent altar of Gozag.
   348 | D        | Noticed a spatial vortex
   352 | D        | Became a worshipper of Dithmenos the Shadowed
   353 | D        | Killed a spatial vortex
   353 | D        | Reached skill level 5 in Short Blades
   353 | D        | Reached skill level 1 in Invocations
   378 | D        | Found a radiant altar of Vehumet.
   379 | D        | Found a deep blue altar of Sif Muna.
   379 | D        | Found an ancient bone altar of Kikubaaqudgha.
   379 | D        | Noticed a wizard
   380 | D        | Killed a wizard
   382 | D        | Reached skill level 11 in Stealth
   400 | D        | Learned a level 6 spell: Invisibility
   417 | D        | Learned a level 1 spell: Apportation
   420 | D        | Learned a level 2 spell: Blink
   428 | D        | Found a glowing silver altar of Zin.
   429 | D        | Found a glowing golden altar of the Shining One.
   429 | D        | Found a white marble altar of Elyvilon.
   429 | D        | Noticed a deep elf priest
   437 | D        | Killed a deep elf priest
   437 | D        | Reached skill level 10 in Dodging
   437 | D        | Reached XP level 7. HP: 12/32 MP: 6/20
   437 | D        | Killed a white draconian scorcher
   493 | D        | Killed a white draconian scorcher
   640 | D        | Learned a level 2 spell: Shroud of Golubria
   643 | D        | Found an iron altar of Okawaru.
   644 | D        | Found a bloodstained altar of Trog.
   644 | D        | Noticed a human
   644 | D        | Noticed a human
   646 | D        | Killed a human
   646 | D        | Reached skill level 12 in Stealth
   646 | D        | Reached skill level 1 in Charms
   647 | D        | Killed a human
   663 | D        | Found a snail-covered altar of Cheibriados.
   663 | D        | Noticed a necrophage
   664 | D        | Found a basalt altar of Yredelemnul.
   664 | D        | Found a blossoming altar of Fedhas.
   664 | D        | Noticed a necromancer
   665 | D        | Killed a necrophage
   665 | D        | Acquired Dithmenos's first power
   665 | D        | Reached XP level 8. HP: 36/36 MP: 22/22
   666 | D        | Killed a necromancer
   687 | D        | Noticed a two-headed ogre
   687 | D        | Noticed a two-headed ogre
   691 | D        | Noticed a two-headed ogre
   702 | D        | Killed a two-headed ogre
   708 | D        | Killed a two-headed ogre
   717 | D        | Killed a two-headed ogre
   873 | D        | Noticed a hill giant
   876 | D        | Killed a hill giant
   876 | D        | Acquired Dithmenos's second power
   876 | D        | Reached skill level 13 in Stealth
   876 | D        | Reached skill level 10 in Spellcasting
   876 | D        | Reached skill level 5 in Translocations
   881 | D        | Noticed a hill giant
   881 | D        | Noticed Erolcha
   883 | D        | Killed Erolcha
   883 | D        | Reached XP level 9. HP: 39/39 MP: 22/24
   884 | D        | Killed a hill giant
   884 | D        | Reached skill level 5 in Charms
   893 | D        | Learned a level 4 spell: Passage of Golubria
   894 | D        | Noticed a redback
   897 | D        | Noticed a trapdoor spider
   902 | D        | Killed a redback
   902 | D        | Reached skill level 14 in Stealth
   904 | D        | Killed a trapdoor spider
   963 | D        | Noticed a trapdoor spider
   966 | D        | Killed a trapdoor spider
   966 | D        | Acquired Dithmenos's third power
   966 | D        | Reached skill level 5 in Ice Magic
  1028 | D        | Killed a yaktaur
  1053 | D        | Noticed a killer bee
  1053 | D        | Noticed a killer bee
  1053 | D        | Noticed a killer bee
  1054 | D        | Noticed a killer bee
  1054 | D        | Noticed a killer bee
  1054 | D        | Noticed a killer bee
  1054 | D        | Noticed a killer bee
  1054 | D        | Noticed a killer bee
  1054 | D        | Noticed a killer bee
  1054 | D        | Noticed a killer bee
  1054 | D        | Noticed a killer bee
  1054 | D        | Noticed a killer bee
  1054 | D        | Noticed a killer bee
  1054 | D        | Noticed a killer bee
  1054 | D        | Noticed a killer bee
  1054 | D        | Noticed a killer bee
  1054 | D        | Noticed a killer bee
  1054 | D        | Noticed a killer bee
  1054 | D        | Noticed a killer bee
  1054 | D        | Noticed a killer bee
  1054 | D        | Noticed a killer bee
  1054 | D        | Noticed a killer bee
  1054 | D        | Noticed a killer bee
  1054 | D        | Noticed a queen bee
  1054 | D        | Noticed a killer bee
  1054 | D        | Noticed a killer bee
  1054 | D        | Noticed a killer bee
  1054 | D        | Noticed a killer bee
  1054 | D        | Noticed a killer bee
  1054 | D        | Noticed a killer bee
  1054 | D        | Noticed a killer bee
  1054 | D        | Noticed a killer bee
  1054 | D        | Noticed a killer bee
  1057 | D        | Killed a killer bee
  1059 | D        | Killed a killer bee
  1062 | D        | Killed a killer bee
  1064 | D        | Killed a killer bee
  1066 | D        | Killed a killer bee
  1066 | D        | Acquired Dithmenos's fourth power
  1068 | D        | Killed a killer bee
  1071 | D        | Killed a killer bee
  1074 | D        | Killed a killer bee
  1077 | D        | Killed a killer bee
  1216 | D        | Killed a killer bee
  1219 | D        | Killed a killer bee
  1221 | D        | Killed a killer bee
  1223 | D        | Killed a killer bee
  1225 | D        | Killed a killer bee
  1229 | D        | Killed a killer bee
  1232 | D        | Killed a killer bee
  1369 | D        | Killed a killer bee
  1371 | D        | Killed a killer bee
  1374 | D        | Killed a killer bee
  1374 | D        | Reached skill level 15 in Stealth
  1376 | D        | Killed a killer bee
  1378 | D        | Killed a killer bee
  1380 | D        | Killed a killer bee
  1382 | D        | Killed a killer bee
  1384 | D        | Killed a killer bee
  1386 | D        | Killed a killer bee
  1388 | D        | Killed a killer bee
  1390 | D        | Killed a killer bee
  1540 | D        | Killed a killer bee
  1542 | D        | Killed a killer bee
  1542 | D        | Reached XP level 10. HP: 44/44 MP: 20/27
  1544 | D        | Killed a killer bee
  1547 | D        | Killed a queen bee
  1549 | D        | Killed a killer bee
  1550 | D        | Killed a killer bee
  1667 | D        | Noticed a wandering mushroom
  1668 | D        | Noticed a wandering mushroom
  1668 | D        | Noticed a wandering mushroom
  1672 | D        | Killed a wandering mushroom
  1674 | D        | Killed a wandering mushroom
  1674 | D        | Reached skill level 5 in Conjurations
  1675 | D        | Killed a wandering mushroom
  1681 | D        | Noticed a spiny frog
  1681 | D        | Noticed a komodo dragon
  1681 | D        | Noticed a spiny frog
  1684 | D        | Killed a komodo dragon
  1685 | D        | Killed a spiny frog
  1685 | D        | Reached skill level 16 in Stealth
  1686 | D        | Killed a spiny frog
  1686 | D        | Reached skill level 10 in Hexes
  1714 | D        | Noticed a redback
  1717 | D        | Killed a redback
  1759 | D        | Noticed a brain worm
  1770 | D        | Killed a brain worm
  1802 | D        | Noticed a brain worm
  1804 | D        | Killed a brain worm
  1804 | D        | Reached skill level 15 in Dodging
  1810 | D        | Noticed a lindwurm
  1812 | D        | Noticed a redback
  1813 | D        | Killed a lindwurm
  1817 | D        | Killed a redback
  1823 | D        | Noticed a redback
  1824 | D        | Killed a redback
  1825 | D        | Noticed Maud
  1827 | D        | Killed Maud
  1827 | D        | Reached skill level 17 in Stealth
  1827 | D        | Reached XP level 11. HP: 47/47 MP: 27/29
  1839 | D        | Noticed an electric eel
  1840 | D        | Noticed a six-headed hydra
  1840 | D        | Noticed an eight-headed hydra
  1841 | D        | Killed an electric eel
  1843 | D        | Killed a six-headed hydra
  1844 | D        | Killed an eight-headed hydra
  1844 | D        | Reached skill level 10 in Translocations
  1882 | D        | Noticed a death drake
  1885 | D        | Killed a death drake
  1895 | D        | Found a blossoming altar of Fedhas.
  1895 | D        | Noticed a spriggan
  1895 | D        | Noticed a spriggan druid
  1895 | D        | Noticed a spriggan
  1897 | D        | Killed a spriggan druid
  1897 | D        | Reached skill level 10 in Charms
  1898 | D        | Killed a spriggan
  1899 | D        | Killed a spriggan
  1925 | D        | Noticed a water moccasin
  1925 | D        | Noticed an anaconda
  1930 | D        | Killed a water moccasin
  1930 | D        | Reached skill level 18 in Stealth
  1989 | D        | Noticed a black mamba
  1990 | D        | Killed an anaconda
  1996 | D        | Killed a black mamba
  2063 | D        | Noticed a black mamba
  2063 | D        | Noticed a water moccasin
  2063 | D        | Noticed an anaconda
  2065 | D        | Killed an anaconda
  2068 | D        | Killed a water moccasin
  2084 | D        | Killed a black mamba
  2335 | D        | Noticed a water moccasin
  2335 | D        | Noticed an anaconda
  2335 | D        | Noticed an anaconda
  2335 | D        | Noticed a black mamba
  2336 | D        | Noticed an anaconda
  2337 | D        | Killed an anaconda
  2337 | D        | Reached skill level 10 in Short Blades
  2338 | D        | Killed an anaconda
  2339 | D        | Killed a water moccasin
  2339 | D        | Reached skill level 15 in Spellcasting
  2361 | D        | Slain by a black mamba

Vault maps used:
D:        dungeon_sprint_mu

Action                   |  1- 3 |  4- 6 |  7- 9 | 10-12 || total
-------------------------+-------+-------+-------+-------++-------
Melee: Dagger            |     8 |     7 |    58 |    65 ||   138
 Cast: Ensorcelled Hiber |     2 |       |    46 |    17 ||    65
       Dazzling Spray    |       |     2 |     6 |     4 ||    12
       Tukima's Dance    |       |     2 |       |       ||     2
       Shroud of Golubri |       |       |     1 |       ||     1
Invok: Shadow Step       |       |       |     3 |     7 ||    10
  Use: Scroll            |     4 |       |       |       ||     4
       Potion            |     3 |       |       |     2 ||     5
 Stab: Sleeping          |     7 |     5 |    39 |    34 ||    85
       Invisible         |       |     1 |     3 |       ||     4
